 Dungeon Crawl Stone Soup version 0.23.1-37-gaa34b87b72 (webtiles) character file.

Game seed: 2934697041643504770

80 1994 the Chiller (level 4, -14/32 HPs)
             Began as a Vampire Ice Elementalist on Mar 22, 2019.
             Demolished by an orc wizard
             ... wielding a +0 dagger of electrocution
              (20 damage)
             ... on level 2 of the Dungeon.
             The game lasted 00:07:56 (3067 turns).

1994 the Chiller (Vampire Ice Elementalist)         Turns: 3067, Time: 00:07:58

Health: -14/32     AC:  5    Str:  7    XL:     4   Next: 18%
Magic:  0/7        EV: 12    Int: 18    God:
Gold:   117        SH:  0    Dex: 14    Spells: 3/7 levels left

rFire    . . .     SeeInvis +   h - +0 dagger
rCold    + . .     Gourm    .   (no shield)
rNeg     + + .     Faith    .   m - +0 leather armour
rPois    +         Spirit   .   a - +0 helmet
rElec    .         Reflect  .   (no cloak)
rCorr    .         Harm     .   f - +0 pair of gloves
MR       .....                  (no boots)
Stlth    ++........             (no amulet)
HPRegen  0.05/turn              i - ring of attention (curse)
MPRegen  0.10/turn              (no ring)

@: very slightly contaminated, regenerating slowly
A: fangs 3, see invisible, unbreathing
a: Bat Form


You were on level 2 of the Dungeon.
You were very thirsty.

You visited 1 branch of the dungeon, and saw 3 of its levels.

You collected 117 gold pieces.

Inventory:

Hand Weapons
 b - a +0 short sword
 h - a +0 dagger (weapon)
Armour
 a - a +0 helmet (worn)
 f - a +0 pair of gloves (worn)
 m - a +0 leather armour (worn)
Jewellery
 i - a cursed ring of attention (left hand)
Wands
 l - a wand of clouds (4)
Scrolls
 e - 5 scrolls of identify {unknown}
 j - a scroll of remove curse {unknown}
 k - 2 scrolls of teleportation {unknown}
 n - a scroll of immolation {unknown}
Potions
 c - 14 potions of blood
 d - a potion of flight {unknown}
 g - a potion of agility {unknown}


   Skills:
 * Level 1.6 Fighting
 * Level 1.9 Short Blades
 + Level 2.6 Dodging
 - Level 3.0 Stealth
 + Level 2.3 Spellcasting
   Level 0.6 Conjurations
 * Level 0.9 Charms
 + Level 3.3 Ice Magic


You had 3 spell levels left.
You knew the following spells:

 Your Spells              Type           Power        Failure   Level  Hunger
a - Freeze                Ice            ##..         7%          1    #......
b - Ozocubu's Armour      Chrm/Ice       #.......     32%         3    ###....

Your spell library contained the following spells:

 Spells                   Type           Power        Failure   Level  Hunger
 Throw Frost              Conj/Ice       #.....       19%         2    ##.....
 Throw Icicle             Conj/Ice       #.......     75%         4    #####..
 Summon Ice Beast         Ice/Summ       #.......     78%         4    #####..


Dungeon Overview and Level Annotations

Branches:
Dungeon (3/15)

Altars:
Vehumet


Innate Abilities, Weirdness & Mutations

You heal slowly.
You have razor-sharp teeth.
You have supernaturally acute eyesight. (SInv)
You can survive without breathing.


Message History

You barely miss the orc wizard.
The orc wizard is almost dead.
The orc wizard points at you and mumbles some strange words.
The magic dart hits you.
* * * LOW HITPOINT WARNING * * *
You hit the orc wizard but do no damage.
The orc wizard is almost dead.
The orc wizard barely misses you.
You hit the orc wizard.
You bite the orc wizard, but do no damage.
The orc wizard is almost dead.
The orc wizard miscasts a cantrip.
The orc wizard hits you but does no damage.
You closely miss the orc wizard.
The orc wizard is almost dead.
The orc wizard hits you with a +0 dagger of electrocution.
* * * LOW HITPOINT WARNING * * *
You are electrocuted!!
Ouch! That really hurt!
You die...

#..# #.#.
#..#####.#.
##.....##.#.
#####..###......
#..........#####
#####..##########...
##..%#...## #..#
##.........## #_..
#....@o.....# #..#
#...........# #...
#...........# ####
##.........##
##...#...##
#########


You could see an orc wizard (invisible).

Vanquished Creatures
  3 adders
  A worm (D:2)
  3 dart slugs
  An orc (D:3)
  6 bats
  3 giant cockroaches
  7 goblins
  5 hobgoblins
  6 kobolds
  A quokka (D:2)
  A frilled lizard (D:1)
  4 rats
41 creatures vanquished.

Notes
Turn   | Place    | Note
-------+----------+-------------------------------------------
     0 | D:1      | 1994 the Vampire Ice Elementalist began the quest for the
                  | Orb.
     0 | D:1      | Reached XP level 1. HP: 13/13 MP: 3/3
   310 | D:1      | Reached XP level 2. HP: 20/20 MP: 1/5
   528 | D:1      | Reached skill level 1 in Short Blades
   645 | D:1      | Reached skill level 1 in Fighting
   821 | D:1      | Reached XP level 3. HP: 26/26 MP: 6/6
  1339 | D:2      | Found a radiant altar of Vehumet.
  1582 | D:2      | Learned a level 3 spell: Ozocubu's Armour
  2682 | D:3      | Reached XP level 4. HP: 29/32 MP: 4/7
  3067 | D:2      | Demolished by an orc wizard

Skill      XL: |  1  2 |
---------------+-------+-----
Short Blades   | 1 |  1.9
Fighting       | 1 |  1.6
Dodging        | |  2.6
Stealth        | |  3.0
Spellcasting   | |  2.3
Conjurations   | |  0.6
Charms         | |  0.9
Ice Magic      | |  3.3

Action                   |  1- 3 |  4- 6 || total
-------------------------+-------+-------++-------
Melee: Dagger            |    17 |     6 ||    23
       Whip              |     1 |       ||     1
       Short sword       |     7 |       ||     7
       Bite              |     1 |     1 ||     2
 Cast: Freeze            |    44 |    15 ||    59
       Ozocubu's Armour  |     1 |       ||     1
 Abil: End Transformatio |     9 |     3 ||    12
       Bat Form          |     9 |     3 ||    12
  Use: Potion            |     3 |       ||     3
 Stab: Sleeping          |     8 |       ||     8
Armor: Robe              |     4 |       ||     4
       Leather armour    |     4 |     3 ||     7
Dodge: Dodged            |    43 |    14 ||    57
